Map: Cerulean Fall LE

Players

lIIllllIIlll (INnoVation) - Winner!

  • Race: Terran Terran
  • League: Master
  • Spawn Location: 1:00

Zanster

  • Race: Zerg Zerg
  • Spawn Location: 7:00

Event: HomeStory Cup XVIII

VOD

Have the link to the VOD?

Description

Time

  • Played on: Nov. 22, 2018, 11:32 a.m.
  • Length: 15:02

All games in this series

Show
View Real Time Build Order
Export as new Build Order

lIIllllIIlll Terran - Winner!

Build Orders: Liberator Opening, Reaper Expand 

Get SALT Encoding   

  12  0:00  SCV  
  13  0:12  SCV  
  14  0:17  Supply Depot  
  14  0:25  SCV  
  15  0:39  SCV  
  15  0:41  Barracks  
  16  0:43  Refinery  
  16  0:51  SCV  
  17  1:03  SCV  
  18  1:15  SCV  
  19  1:28  Reaper, Orbital Command  
  20  1:40  Command Center  
  20  1:50  Supply Depot  
  20  1:53  SCV  
  21  2:00  Marine  
  22  2:05  SCV  
  23  2:09  Factory  
  23  2:10  Refinery  
  23  2:18  SCV  
  23  2:20  Barracks Reactor  
  24  2:30  SCV  
  25  2:42  SCV  
  26  2:55  Starport  
  26  3:00  SCV  
  26  3:04  Hellion x2  
  31  3:06  Supply Depot  
  31  3:12  SCV  
  30  3:25  SCV  
  30  3:28  Hellion x2, Command Center  
  30  3:34  Viking  
  36  3:37  Barracks Tech Lab  
  36  3:40  SCV  
  37  3:45  Supply Depot  
  37  3:52  SCV  
  38  3:58  Stimpack  
  38  3:59  Liberator  
  38  4:06  Hellion x2  
  38  4:08  SCV  
  44  4:23  SCV  
  39  4:35  Command Center  
  39  4:36  SCV  
  40  4:43  Marine  
  41  4:47  Factory Tech Lab  
  41  4:48  SCV  
  41  4:51  Barracks  
  42  4:56  Orbital Command  
  42  5:00  SCV  
  42  5:06  Siege Tank  
  46  5:13  SCV  
  46  5:14  Marine  
  47  5:15  Starport Reactor  
  47  5:18  Barracks  
  48  5:25  SCV x2  
  50  5:32  Marine  
  51  5:37  SCV x2  
  51  5:38  Engineering Bay  
  51  5:42  Engineering Bay  
  53  5:47  Marine  
  53  5:49  SCV x2  
  56  5:50  Orbital Command  
  56  5:51  Factory Reactor  
  53  6:00  Starport Reactor, Combat Shield  
  53  6:01  SCV x2  
  53  6:04  Marine, Refinery  
  55  6:06  Terran Infantry Weapons Level 1  
  55  6:07  Refinery, Terran Infantry Armor Level 1  
  55  6:09  Marine  
  55  6:10  Marine  
  58  6:11  Marine  
  58  6:12  Marine  
  58  6:15  SCV  
  58  6:16  SCV  
  58  6:18  Orbital Command  
  62  6:22  Marine  
  63  6:26  Marine  
  63  6:27  Supply Depot, SCV  
  63  6:28  SCV  
  63  6:30  Missile Turret  
  66  6:33  Missile Turret  
  66  6:36  Medivac x2  
  66  6:39  Widow Mine  
  72  6:41  Widow Mine  
  72  6:42  SCV x2  
  72  6:44  SCV  
  77  6:52  Supply Depot  
  77  6:55  Marine x5  
  77  6:57  SCV x2  
  77  6:58  SCV  
  85  7:02  Supply Depot  
  85  7:11  Armory  
  85  7:13  Missile Turret, Widow Mine x2, SCV x3  
  92  7:16  Supply Depot  
  92  7:19  Marine  
  93  7:24  Marine x4  
  93  7:25  SCV x3  
  100  7:36  Supply Depot  
  100  7:37  Supply Depot  
  100  7:38  Widow Mine x2  
  100  7:41  SCV x3  
  104  7:47  Barracks x2  
  103  7:53  Missile Turret  
  103  7:55  Marine x5  
  108  8:01  Terran Infantry Armor Level 2, Terran Infantry Weapons Level 2  
  108  8:08  Terran Vehicle And Ship Armor Level 1  
  108  8:09  Factory  
  108  8:12  Marine, Refinery  
  108  8:16  Refinery, SCV x3  
  112  8:20  Marine x2  
  112  8:22  Supply Depot, Medivac  
  112  8:25  Medivac  
  118  8:28  Widow Mine x2  
  122  8:35  Supply Depot, Barracks Reactor  
  122  8:36  Barracks Reactor  
  122  8:44  Marine x3  
  122  8:45  Marauder, Marine  
  122  8:47  Supply Depot  
  128  8:50  Supply Depot  
  128  8:55  Drilling Claws  
  128  8:56  Thor, Widow Mine  
  128  8:57  Widow Mine  
  138  9:07  Marine, Medivac  
  138  9:08  Marine x3  
  138  9:09  Marauder, Medivac  
  148  9:16  Barracks  
  148  9:17  Barracks  
  148  9:21  Supply Depot  
  148  9:22  Barracks  
  148  9:23  Supply Depot  
  148  9:24  Widow Mine x2  
  152  9:31  Marine x7, Marauder, Concussive Shells  
  155  9:40  Medivac  
  155  9:42  Thor  
  155  9:43  Medivac  
  155  9:45  Supply Depot  
  165  9:49  Widow Mine x2  
  169  10:05  Marauder  
  169  10:06  Barracks Tech Lab x2  
  171  10:08  Marine x4  
  171  10:09  Marine, Barracks Tech Lab  
  171  10:12  Widow Mine x2  
  170  10:20  Terran Infantry Weapons Level 3  
  168  10:22  Terran Infantry Armor Level 3  
  168  10:28  Marauder x4  
  173  10:30  Marine x2  
  173  10:35  Marine x4  
  162  10:53  Thor  
  162  10:55  Widow Mine x2, Marine, Marauder  
  162  10:56  Marauder x2  
  164  10:59  Marine  
  164  11:00  Marine x2  
  164  11:01  Marine  
  160  11:10  Marauder  
  150  11:12  Marine  
  150  11:15  Marine  
  150  11:17  Marauder x3  
  162  11:18  Widow Mine x2  
  162  11:21  Medivac  
  162  11:22  Medivac  
  166  11:27  Marine x2  
  166  11:29  Marine x3  
  166  11:30  Marine  
  166  11:32  Marauder  
  174  11:38  Marauder  
  176  11:49  Thor  
  156  11:56  Widow Mine x2  
  156  11:57  Marine x2, Marauder x3  
  156  11:59  Marine x2  
  156  12:00  Marine x3  
  173  12:06  Medivac x2  
  173  12:08  Supply Depot, Marauder, Marine  
  179  12:15  Marine  
  181  12:22  Marauder  
  181  12:24  Marauder  
  181  12:27  Widow Mine x2  
  181  12:29  Marauder x2  
  181  12:32  Thor  
  181  12:36  Medivac  
  189  12:41  Marine x7, Medivac  
  189  12:42  Marine  
  188  12:45  Marauder  
  188  12:50  Marine  
  188  12:51  Marauder  
  188  12:56  Widow Mine x2, Marauder  
  165  12:58  Marine  
  165  12:59  Marine x5  
  171  13:07  Marauder  
  171  13:08  Marauder, Medivac  
  171  13:11  Medivac  
  171  13:12  Marine, Marauder  
  182  13:13  Marine  
  182  13:18  Marauder  
  179  13:20  Widow Mine x2  
  181  13:38  Medivac  
  181  13:41  Medivac  
  185  13:44  Orbital Command  
  185  13:46  Marauder x2  
  189  13:52  Thor, Marine  
  189  13:53  Widow Mine x2  
  177  14:07  Marine x2  
  177  14:08  Marauder x2, Medivac  
  185  14:11  Medivac  
  165  14:28  Widow Mine x2  
  171  14:31  Marine x2, Marauder x3  
  171  14:32  Marine  
  171  14:33  Marine x2  
  171  14:34  Marine  
Show
View Real Time Build Order
Export as new Build Order

Zanster Zerg 

Build Orders: Pool First, Muta Ling Bane 

Get SALT Encoding   

  12  0:00  Drone  
  13  0:12  Overlord  
  13  0:17  Drone  
  14  0:30  Drone x2  
  14  0:34  Drone  
  17  0:36  Extractor  
  16  0:48  Spawning Pool  
  15  0:50  Drone  
  15  0:56  Drone  
  17  1:07  Drone  
  18  1:21  Hatchery  
  17  1:35  Zergling x2  
  17  1:36  Zergling x2  
  17  1:39  Metabolic Boost, Zergling x2  
  20  1:50  Queen  
  22  1:56  Overlord  
  22  2:14  Zergling x4  
  24  2:22  Zergling x2  
  25  2:26  Queen  
  27  2:36  Queen, Drone x2  
  31  2:44  Overlord  
  31  2:48  Drone  
  32  2:53  Drone  
  32  2:55  Drone  
  33  2:59  Drone  
  33  3:00  Drone  
  33  3:03  Drone  
  36  3:09  Drone  
  36  3:10  Drone  
  38  3:17  Drone  
  38  3:18  Overlord  
  38  3:28  Drone  
  38  3:30  Drone  
  38  3:31  Drone x3  
  41  3:38  Drone  
  42  3:44  Drone  
  42  3:45  Hatchery  
  42  3:46  Drone  
  43  3:52  Queen  
  43  3:54  Drone  
  43  3:55  Drone  
  47  3:58  Zergling x4  
  47  4:02  Lair  
  49  4:04  Drone x2  
  49  4:07  Extractor  
  44  4:24  Overlord  
  44  4:27  Extractor, Overlord  
  43  4:33  Drone  
  43  4:34  Baneling Nest  
  43  4:36  Drone  
  43  4:37  Extractor  
  43  4:39  Drone  
  43  4:43  Drone x6  
  43  4:44  Spore Crawler  
  49  4:47  Zergling x2  
  49  4:52  Zergling x2  
  51  4:57  Drone  
  51  4:58  Drone x4  
  51  4:59  Overlord  
  55  5:04  Spire  
  55  5:06  Overseer  
  54  5:08  Drone  
  54  5:11  Drone  
  54  5:12  Drone  
  57  5:15  Drone  
  57  5:19  Zergling x2  
  57  5:20  Zergling x6  
  62  5:24  Overlord  
  62  5:29  Zergling x2  
  62  5:30  Zergling x4  
  62  5:32  Overlord  
  65  5:36  Overlord  
  65  5:49  Drone  
  62  5:50  Drone x5  
  62  5:51  Drone  
  62  5:54  Drone x3  
  62  5:55  Drone  
  72  5:57  Drone  
  72  5:59  Overlord  
  73  6:04  Drone  
  73  6:05  Drone x2  
  73  6:06  Drone  
  73  6:08  Drone  
  73  6:09  Drone  
  79  6:13  Drone  
  79  6:15  Overlord  
  80  6:20  Overlord  
  80  6:24  Evolution Chamber  
  79  6:27  Evolution Chamber  
  79  6:31  Mutalisk x5  
  88  6:33  Mutalisk  
  88  6:35  Mutalisk  
  88  6:38  Mutalisk  
  94  6:41  Centrifical Hooks  
  94  6:47  Zergling x4  
  94  6:48  Zergling x6  
  94  6:54  Zerg Ground Armor Level 1, Zergling x2, Zerg Melee Weapons Level 1  
  100  7:02  Baneling x4  
  100  7:04  Zergling x10  
  100  7:06  Overlord  
  105  7:11  Overlord  
  105  7:14  Hatchery  
  104  7:15  Baneling  
  104  7:16  Baneling x5  
  104  7:19  Overseer  
  104  7:26  Zergling x14  
  111  7:31  Extractor  
  111  7:33  Extractor  
  111  7:35  Drone x2  
  111  7:38  Overlord  
  111  7:39  Drone  
  111  7:40  Drone x6  
  111  7:41  Drone  
  119  7:46  Drone  
  120  7:57  Zerg Flyer Weapons Level 1  
  120  7:58  Hatchery  
  120  7:59  Mutalisk x3  
  120  8:01  Overlord  
  120  8:04  Drone x3  
  128  8:15  Zergling x2  
  128  8:17  Overlord x3  
  128  8:19  Pneumatized Carapace  
  129  8:20  Overseer  
  129  8:29  Zergling x20  
  129  8:33  Queen  
  141  8:35  Drone x2  
  141  8:36  Overlord  
  143  8:41  Infestation Pit  
  143  8:44  Drone x2  
  143  8:47  Drone x2  
  146  8:49  Zerg Melee Weapons Level 2, Drone x2  
  146  8:51  Zerg Ground Armor Level 2  
  148  8:57  Zergling x12  
  148  9:02  Zergling x8  
  158  9:16  Extractor  
  157  9:17  Zergling x14  
  157  9:20  Hive  
  157  9:22  Overlord  
  157  9:23  Hatchery  
  155  9:32  Mutalisk x6  
  155  9:35  Mutalisk  
  169  9:42  Baneling  
  169  9:43  Baneling x6  
  169  9:45  Overseer  
  168  9:54  Zergling x28  
  168  9:55  Zergling x6  
  168  9:56  Overlord  
  185  10:06  Zergling x8  
  189  10:13  Baneling x11  
  189  10:14  Baneling  
  182  10:25  Zergling x8  
  182  10:26  Zergling x24  
  182  10:27  Overlord  
  195  10:39  Zerg Flyer Armor Level 1  
  167  10:55  Mutalisk x4  
  172  10:58  Zergling x4  
  172  10:59  Zergling x20  
  172  11:01  Adrenal Glands  
  171  11:09  Zergling x6  
  153  11:12  Zergling x2  
  153  11:13  Zergling x2  
  153  11:19  Zergling x2  
  153  11:20  Zergling x10  
  153  11:21  Hatchery  
  153  11:24  Baneling x8  
  153  11:25  Baneling x4  
  158  11:27  Zergling x2  
  158  11:28  Zergling x2, Ultralisk Cavern  
  158  11:29  Baneling  
  158  11:30  Baneling x16  
  159  11:33  Queen, Hatchery  
  159  11:38  Zergling x6  
  159  11:39  Zergling x6  
  164  11:44  Baneling  
  164  11:45  Baneling x10  
  148  11:56  Zergling x18  
  148  11:57  Zergling x2  
  155  12:09  Overseer  
  155  12:10  Zerg Melee Weapons Level 3  
  155  12:15  Zerg Ground Armor Level 3  
  155  12:18  Zergling x18  
  154  12:30  Zergling x22  
  154  12:31  Zergling x2  
  165  12:39  Baneling x4  
  165  12:40  Baneling x4  
  165  12:43  Zergling x4  
  165  12:44  Zergling x14  
  150  12:57  Zergling x24  
  146  13:04  Zergling x2  
  146  13:05  Zergling x6  
  145  13:18  Mutalisk x4  
  142  13:29  Baneling  
  142  13:30  Baneling x2  
  142  13:31  Zergling x2  
  142  13:32  Zergling x12  
  143  13:39  Zergling x2  
  143  13:40  Zergling x14  
  144  13:43  Hatchery  
  144  13:45  Baneling x3  
  133  13:57  Zergling x16  
  131  14:04  Baneling x8  
  131  14:05  Baneling x6  
  131  14:08  Zergling x10  
  109  14:26  Zergling x10  
  109  14:30  Baneling x10  
  113  14:35  Drone  
  106  14:46  Overseer, Hatchery  
Tags
 
Add a new tag
Caveats
  • Supply blocks, unpowered buildings, or Contaminate may cause inaccurate times.
  • Supply counts are checked every 10 seconds.